Map: Data-C

Players

Clem - Winner!

  • Race: Terran Terran
  • Spawn Location: 3:00

Gerald

  • Race: Protoss Protoss
  • Spawn Location: 9:00

Event: DreamHack SC2 Masters 2022 Atlanta (Offline)

VOD

Have the link to the VOD?

Description

Time

  • Played on: Nov. 18, 2022, 5:11 p.m.
  • Length: 10:38

All games in this series

Show
View Real Time Build Order
Export as new Build Order

Clem Terran - Winner!

Build Orders: Reaper Expand 

Get SALT Encoding   

  12  0:00  SCV  
  13  0:12  SCV  
  14  0:16  Supply Depot  
  14  0:24  SCV  
  15  0:38  SCV  
  15  0:39  Barracks  
  16  0:43  Refinery  
  16  0:50  SCV  
  17  1:02  SCV  
  18  1:14  SCV  
  19  1:26  Reaper  
  19  1:27  Orbital Command  
  20  1:43  Command Center  
  20  1:52  SCV  
  21  1:54  Supply Depot  
  21  1:58  Marine  
  22  2:04  SCV  
  22  2:07  Bunker  
  23  2:15  Factory  
  23  2:18  SCV  
  23  2:22  Barracks Reactor  
  24  2:30  SCV  
  24  2:35  Refinery  
  25  2:43  SCV  
  26  2:57  SCV  
  27  2:59  Orbital Command  
  27  3:01  Starport  
  27  3:08  Hellion x2  
  27  3:09  SCV  
  31  3:13  Barracks Tech Lab  
  31  3:17  Supply Depot  
  31  3:21  SCV  
  32  3:29  SCV  
  32  3:30  Widow Mine x2  
  32  3:33  SCV  
  38  3:37  Medivac  
  38  3:40  Supply Depot  
  40  3:41  SCV  
  40  3:45  SCV  
  42  3:52  Barracks  
  42  3:53  SCV  
  43  3:58  SCV  
  44  4:04  Engineering Bay, Siege Tank  
  44  4:05  SCV  
  44  4:06  Marine x2  
  48  4:10  SCV  
  48  4:11  Starport Tech Lab  
  47  4:18  Viking  
  47  4:19  SCV  
  47  4:23  SCV, Barracks  
  51  4:26  Marine x2  
  53  4:35  SCV  
  53  4:37  SCV  
  53  4:38  Supply Depot  
  55  4:43  Marine  
  55  4:44  Factory Reactor, Marine  
  56  4:47  SCV, Stimpack, Marine  
  56  4:50  Starport Reactor  
  56  4:51  SCV  
  57  4:57  Supply Depot  
  57  5:00  Refinery x2  
  57  5:01  Supply Depot, Marine  
  57  5:02  Marine  
  57  5:04  SCV  
  57  5:06  Terran Infantry Weapons Level 1  
  61  5:07  SCV  
  61  5:10  Marauder  
  63  5:15  Barracks Tech Lab  
  63  5:16  SCV  
  63  5:19  SCV  
  63  5:20  Marine x2  
  63  5:21  Supply Depot  
  67  5:28  SCV  
  67  5:31  SCV  
  67  5:32  Medivac  
  71  5:36  Marauder x2  
  71  5:38  Supply Depot, Marine x2  
  71  5:40  SCV  
  71  5:42  Combat Shield  
  78  5:47  Missile Turret  
  78  5:48  Widow Mine  
  78  5:49  Widow Mine  
  82  5:51  Missile Turret  
  82  5:56  Marine x2  
  84  5:57  SCV x2  
  84  5:59  Marauder  
  88  6:12  Command Center  
  88  6:16  Widow Mine x2  
  92  6:18  Marine  
  92  6:20  Supply Depot  
  92  6:21  Marauder  
  92  6:24  Marauder  
  97  6:30  Barracks  
  94  6:34  Marine  
  94  6:37  Supply Depot  
  94  6:39  Barracks  
  95  6:43  Widow Mine, Marauder  
  95  6:44  Marine  
  95  6:46  SCV  
  98  6:51  Medivac x2  
  98  6:53  Marine  
  101  6:54  SCV  
  101  6:59  Marauder  
  97  7:03  SCV  
  97  7:04  Marauder  
  96  7:09  Terran Infantry Armor Level 1  
  96  7:12  Widow Mine  
  96  7:13  Widow Mine  
  94  7:16  Marine  
  94  7:17  Marine  
  94  7:20  Marauder  
  94  7:21  Barracks Tech Lab  
  94  7:22  SCV x2  
  100  7:25  Marauder  
  100  7:28  Orbital Command  
  100  7:29  Barracks Reactor  
  100  7:35  Missile Turret  
  100  7:40  Supply Depot, Marine x2  
  100  7:42  Marauder  
  100  7:43  Widow Mine  
  100  7:44  Marauder  
  108  7:45  SCV  
  108  7:46  Medivac  
  108  7:49  Widow Mine  
  108  7:50  Medivac  
  113  7:53  Concussive Shells  
  113  7:54  Supply Depot  
  113  7:55  SCV  
  113  7:57  SCV  
  117  7:58  Marauder  
  117  8:01  Marine x2  
  117  8:03  SCV, Marauder  
  124  8:05  Marauder  
  124  8:07  Marine  
  124  8:10  Marine  
  122  8:14  Widow Mine  
  122  8:17  SCV  
  122  8:18  SCV x2  
  122  8:19  Marine x2  
  123  8:20  Marauder  
  123  8:22  Medivac x2  
  123  8:24  Marine  
  123  8:25  Marine  
  123  8:26  Supply Depot, Widow Mine  
  123  8:28  Marine  
  123  8:29  SCV  
  123  8:30  SCV  
  123  8:31  Marine  
  123  8:32  SCV  
  123  8:34  Refinery  
  126  8:36  Marine  
  126  8:39  Refinery, Marine  
  124  8:41  Marauder  
  124  8:42  Widow Mine, Marauder  
  124  8:44  SCV  
  124  8:45  Marine  
  124  8:46  Marauder  
  124  8:47  SCV  
  127  8:49  Marine  
  127  8:50  Widow Mine  
  127  8:54  Marine  
  131  8:58  Armory, Marine  
  131  8:59  Engineering Bay  
  133  9:02  Marauder  
  133  9:07  Command Center, Marine  
  133  9:08  Marine x2  
  133  9:09  Marauder  
  138  9:14  Marine  
  138  9:15  Widow Mine x2  
  143  9:18  Medivac x2  
  143  9:20  Supply Depot  
  143  9:21  Marine  
  146  9:25  Marine  
  146  9:26  Marauder  
  146  9:29  Marine x2  
  146  9:30  Marauder  
  143  9:34  Marine  
  143  9:36  Widow Mine  
  142  9:39  Widow Mine, Marine  
  142  9:43  Marauder  
  143  9:48  Marauder, Marine  
  143  9:50  Marine  
  147  9:52  Marauder  
  147  9:58  Widow Mine  
  148  10:00  Widow Mine  
  148  10:01  Marine x2  
  148  10:02  Barracks  
  148  10:03  Barracks  
  148  10:04  Barracks  
  148  10:05  Marauder  
  149  10:09  Marauder  
  148  10:14  Marine x2  
  148  10:19  Supply Depot  
Show
View Real Time Build Order
Export as new Build Order

Gerald Protoss 

Build Orders: 1 Gate Expand, Oracle Opening 

Get SALT Encoding   

  12  0:00  Probe  
  13  0:13  Pylon  
  13  0:19  Probe (Chrono Boost)  
  14  0:31  Probe (Chrono Boost)  
  14  0:34  Gateway  
  15  0:38  Probe (Chrono Boost)  
  16  0:44  Assimilator  
  16  0:47  Probe  
  17  1:00  Probe  
  18  1:12  Probe  
  19  1:25  Probe  
  20  1:26  Nexus  
  20  1:37  Probe  
  20  1:38  Cybernetics Core  
  21  1:45  Assimilator  
  21  1:49  Probe  
  22  1:56  Pylon  
  22  2:01  Probe  
  23  2:03  Pylon  
  23  2:13  Adept (Chrono Boost)  
  23  2:14  Probe  
  25  2:23  Shield Battery  
  25  2:26  Probe  
  26  2:35  Stalker  
  27  2:38  Probe  
  27  2:42  Probe  
  29  2:49  Stargate  
  29  2:55  Probe  
  29  2:57  Probe  
  31  3:07  Probe  
  31  3:09  Probe  
  33  3:19  Probe  
  34  3:21  Probe  
  34  3:31  Oracle (Chrono Boost), Probe  
  34  3:33  Probe  
  36  3:36  Warp Gate  
  39  3:43  Probe  
  39  3:45  Probe  
  41  3:55  Probe  
  41  3:57  Probe  
  41  4:01  Oracle  
  42  4:07  Probe (Chrono Boost)  
  42  4:14  Probe (Chrono Boost)  
  42  4:15  Twilight Council  
  44  4:18  Probe (Chrono Boost)  
  44  4:23  Gateway  
  45  4:25  Probe (Chrono Boost), Gateway  
  45  4:26  Probe (Chrono Boost)  
  45  4:30  Probe (Chrono Boost)  
  46  4:32  Probe  
  46  4:34  Pylon  
  48  4:43  Probe  
  49  4:51  Blink (Chrono Boost)  
  49  4:55  Phoenix  
  49  4:57  Probe x2 (Chrono Boost)  
  50  5:09  Probe (Chrono Boost)  
  50  5:12  Nexus, Probe (Chrono Boost)  
  51  5:17  Probe  
  52  5:25  Stalker x2  
  56  5:28  Probe  
  56  5:30  Probe  
  58  5:39  Assimilator  
  58  5:40  Probe, Gateway  
  59  5:47  Stalker  
  62  5:50  Probe  
  62  5:53  Pylon  
  62  5:56  Forge  
  62  6:03  Gateway  
  62  6:09  Gateway  
  62  6:11  Probe x2  
  64  6:19  Stalker x2  
  64  6:21  Shield Battery  
  64  6:24  Probe x2  
  68  6:30  Probe  
  69  6:34  Charge (Chrono Boost)  
  69  6:36  Stalker x2  
  69  6:38  Protoss Ground Armor Level 1  
  69  6:47  Stalker x2  
  69  6:58  Shield Battery, Probe  
  69  6:59  Phoenix  
  68  7:02  Stalker x2  
  68  7:04  Adept  
  72  7:15  Probe x3  
  74  7:17  Shield Battery  
  74  7:20  Zealot, Stalker x2  
  80  7:27  Probe (Chrono Boost)  
  81  7:32  Zealot, Probe (Chrono Boost)  
  81  7:33  Zealot  
  81  7:35  Probe (Chrono Boost)  
  81  7:36  Pylon  
  85  7:38  Pylon  
  85  7:54  Gateway  
  85  7:55  Probe x3  
  88  7:59  Gateway  
  88  8:00  Pylon  
  88  8:02  Zealot x3  
  94  8:06  Zealot  
  94  8:07  Probe x3  
  94  8:11  Zealot x2  
  89  8:24  Zealot x3  
  85  8:30  Zealot  
  85  8:31  Probe  
  82  8:41  Stalker  
  82  8:42  Stalker  
  86  8:49  Zealot, Probe  
  86  8:50  Zealot x3  
  86  8:51  Nexus  
  86  8:52  Pylon  
  91  9:05  Probe  
  91  9:08  Zealot x4  
  91  9:09  Probe  
  101  9:13  Shield Battery, Probe  
  101  9:16  Templar Archives  
  102  9:18  Zealot x2  
  102  9:19  Zealot  
  95  9:42  Probe  
  95  9:45  Zealot x4  
  88  9:46  Zealot x4  
  88  9:51  Zealot x6  
  80  10:04  Pylon  
  80  10:06  Pylon  
  78  10:08  Probe  
  78  10:11  Stalker x6  
  85  10:20  Probe  
  71  10:28  Zealot x2  
  59  10:31  Zealot x2  
Tags
 
Add a new tag
Caveats
  • Supply blocks, unpowered buildings, or Contaminate may cause inaccurate times.
  • Supply counts are checked every 10 seconds.